[Event "*** MasterClass Titled Tuesday Blitz"]
[Site "Chess.com"]
[Date "2017.07.04"]
[Round "3"]
[White "GianmarcoVaR"]
[Black "IMJonathanCarlstedt"]
[Result "0-1"]
[WhiteElo "2413"]
[BlackElo "2479"]
[TimeControl "180+2"]
[EndTime "13:41:13 PDT"]
[Termination "IMJonathanCarlstedt won by checkmate"]

1. d4 Nf6 2. c4 e6 3. g3 c5 4. d5 exd5 5. cxd5 d6 6. Nc3 g6 7.
Bg2 Bg7 8. Nf3 O-O 9. O-O Re8 10. Bf4 a6 11. a4 Bf5 12. Nd2 Nh5 13. e4 Nxf4 14. gxf4 Bd7 15. Nc4 Bc8 16. a5 Qe7 17.
Re1 Nd7 18. Qf3 Rb8 19. Qg3 b5 20. axb6 Nxb6 21. Na5 Bd7 22. Bh3 Bxh3 23. Qxh3 Qf6 24. Qg3 Bh6 25. f5 Kh8 26. Nc6 Ra8 27. e5 dxe5 28. Ne4 Qg7 29. f6 Qf8 30. d6 Bf4 31.
Qb3 Nd7 32. Qh3 Red8 33. Nxd8 Qxd8 34. Qf3 h5 35. Red1 Kh7 36. h3 Ra7 37. Rd5 Qb6 38. Qc3 Qc6 39. Rad1 c4 40. Qf3 Qb6 41. Qc3 Qc6 42.
f3 Rb7 43. b4 Rb8 44. Kg2 Qa4 45. Nc5 Nxc5 46. bxc5 Rb3 47. Qc2 Qb5 48. c6 Qb6 49.
R5d2 Qxc6 50. Rf2 Rb7 51. Qe2 Rd7 52. Qc2 Rxd6 53. Rxd6 Qxd6 54. Qxc4 Qxf6 55. h4 Kg7 56. Kh3 Qf5+ 57. Kg2 a5 58. Rb2 Qf6 59. Rb7 a4 60. Ra7 a3 61. Kh3 Qf5+ 62. Kg2 Qf6 63. Kh3 a2 64. Qxa2 Be3 65. Kg2 Bxa7 66. Qxa7 Qxh4 67. Qd7 Qf6 68. Kf2 e4 69. f4 Qxf4+ 70. Ke1 e3 71.
Kd1 Qf1+ 72. Kc2 Qf2+ 73. Kb3 e2 74. Qh3 e1=Q 75. Ka4 Qe4+ 76. Ka5 Qff5+ 77. Kb6 Qee6+ 78. Kc7 Qc5+ 79. Kb7 Qeb6+ 80. Ka8 Qca5# 0-1

[Event "*** MasterClass Titled Tuesday Blitz"]
[Site "Chess.com"]
[Date "2017.07.04"]
[Round "3"]
[White "platy3"]
[Black "Fy_Rakotomaharo"]
[Result "1/2-1/2"]
[WhiteElo "2624"]
[BlackElo "2356"]
[TimeControl "180+2"]
[EndTime "13:42:17 PDT"]
[Termination "Game drawn - insufficient material"]

1. e4 c5 2. Nf3 Nc6 3. Bb5 g6 4.
c3 Nf6 5. Qe2 Bg7 6. O-O O-O 7.
h3 d5 8. d3 Bd7 9. e5 Ne8 10.
d4 Nc7 11. Bd3 cxd4 12. cxd4 Nb4 13. Nc3 Nxd3 14. Qxd3 b5 15. Ne2 Rc8 16. Bd2 Bf5 17. Qb3 Qd7 18. Ne1 f6 19. f4 fxe5 20. dxe5 Ne6 21.
Nf3 Nc5 22. Qd1 Bd3 23. Be3 Be4 24. Nc3 b4 25. Nxe4 Nxe4 26. Qd3 e6 27. Rfd1 Qe7 28. Rac1 h6 29. Nd4 g5 30. fxg5 hxg5 31. Nf3 Rxc1 32.
Rxc1 Rf5 33. Rc8+ Rf8 34. Rc6 Qe8 35. Rc7 Qh5 36. Bd4 g4 37. hxg4 Qxg4 38. Qe3 Ng3 39. Bc5 Rf4 40. Bd6 Re4 41. Qxa7 Ne2+ 42. Kf2 Nf4 43.
Rxg7+ Qxg7 44. Qxg7+ Kxg7 45. Ng5 Rc4 46. g3 Nd3+ 47.
Ke3 Nxb2 48. Nxe6+ Kf7 49. Nf4 Re4+ 50. Kf3 Nc4 51.
Nxd5 Nxd6 52. exd6 Rd4 53. Ne3 Rxd6 54. Ke4 Ra6 55. Kd4 Rxa2 56. Kc4 Ra3 57. Nd5 Rxg3 58. Kxb4 Ke6 59. Nc3 Ke5 60. Kc4 Rg4+ 61. Kc5 Rg8 62. Nb5 Rc8+ 63. Kb6 Kd5 64. Nc7+ Kd6 65. Nb5+ Kd7 66.
Nd4 Rc4 67. Nb5 Rc6+ 68. Kb7 Rh6 69. Nc3 Rh3 70. Nb5 Rh6 71. Nc3 Rd6 72. Nb5 Rc6 73. Nd4 Rc4 74. Nb5 Rb4 75. Kb6 Ke6 76. Kc5 Rb1 77.
Nd4+ Ke5 78. Nc6+ Ke4 79. Kd6 Rd1+ 80. Ke6 Rd5 81. Ne7 Ra5 82. Nc8 Rh5 83. Nd6+ Kd4 84. Nf5+ Kc5 85. Ke5 Rh1 86. Ke4 Re1+ 87. Ne3 Rh1 88. Nf5 Rh8 89. Ke5 Re8+ 90. Kf6 Kd5 91. Ne7+ Kd6 92. Nf5+ Kd7 93. Kg5 Re6 94. Kf4 Ra6 95.
Ne3 Ra5 96. Ke4 Ke6 97. Kd4 Ra4+ 98. Nc4 Rxc4+ 99. Kxc4 1/2-1/2

[Event "*** MasterClass Titled Tuesday Blitz"]
[Site "Chess.com"]
[Date "2017.07.04"]
[Round "4"]
[White "stuffings101"]
[Black "Rating-Schmating"]
[Result "0-1"]
[WhiteElo "2177"]
[BlackElo "2242"]
[TimeControl "180+2"]
[EndTime "13:46:23 PDT"]
[Termination "Rating-Schmating won by resignation"]

1. e4 e6 2. d3 d5 3. Nd2 Nf6 4. Ngf3 Bc5 5. c3 dxe4 6. Nxe4 Nxe4 7.
Qa4+ Nc6 8. dxe4 Bd7 9. Qc2 Qe7 10. b4 Bb6 11. b5 Nd8 12. a4 c6 13. Ne5 Bc7 14.
Nxd7 Qxd7 15. Bc4 O-O 16. Ba3 Re8 17. Rd1 Qc8 18. O-O cxb5 19. axb5 Bxh2+ 20. Kxh2 Qxc4 21. Rd7 Qxf1 22. e5 Qxb5 23. Rc7 Qxe5+ 0-1

[Event "*** MasterClass Titled Tuesday Blitz"]
[Site "Chess.com"]
[Date "2017.07.04"]
[Round "4"]
[White "ohusbands"]
[Black "Popopuiyt"]
[Result "1-0"]
[WhiteElo "2376"]
[BlackElo "2231"]
[TimeControl "180+2"]
[EndTime "13:46:34 PDT"]
[Termination "ohusbands won by resignation"]

1. e4 c5 2. Nf3 e6 3. d4 cxd4 4. Nxd4 Nc6 5. Nc3 Qc7 6. f4 a6 7.
Be2 Bc5 8. Be3 Nxd4 9. Bxd4 Bxd4 10. Qxd4 Qxf4 11. Qxg7 Qf6 12. Qxf6 Nxf6 13. e5 Ng8 14. Ne4 Ke7 15. Rf1 Rb8 16. Bh5 f5 17. exf6+ Kf8 18. Ng5 Nh6 19. O-O-O Nf5 20. Nxe6+ 1-0

[Event "*** MasterClass Titled Tuesday Blitz"]
[Site "Chess.com"]
[Date "2017.07.04"]
[Round "4"]
[White "maheswaran26"]
[Black "Alliswell998"]
[Result "0-1"]
[WhiteElo "2150"]
[BlackElo "2309"]
[TimeControl "180+2"]
[EndTime "13:47:03 PDT"]
[Termination "Alliswell998 won by resignation"]

1. d4 Nf6 2. c4 c5 3. Nf3 cxd4 4.
Nxd4 b6 5. Nc3 Bb7 6. f3 e6 7. e4 d6 8. Be3 Be7 9. Be2 a6 10. O-O Nbd7 11. Qd2 Rc8 12. Rac1 Qc7 13. Rfd1 Qb8 14.
Bf1 O-O 15. b4 Rfe8 16. Nb3 d5 17. cxd5 exd5 18. Nxd5 Bxd5 19. exd5 Bd6 20. Rxc8 Bxh2+ 21. Kh1 Rxc8 22. d6 Be5 23. Bxa6 Rd8 24. f4 Ne4 25.
Qd5 Nc3 26. Qd3 Nxd1 27. fxe5 Nxe3 28. Qxe3 Re8 0-1

[Event "*** MasterClass Titled Tuesday Blitz"]
[Site "Chess.com"]
[Date "2017.07.04"]
[Round "4"]
[White "dhanushbharadwaj"]
[Black "Ilja_Semjonovs"]
[Result "1-0"]
[WhiteElo "2345"]
[BlackElo "2258"]
[TimeControl "180+2"]
[EndTime "13:47:22 PDT"]
[Termination "dhanushbharadwaj won on time"]

1. Nf3 Nf6 2. c4 c5 3. Nc3 Nc6 4. g3 d5 5. cxd5 Nxd5 6. Bg2 Nc7 7.
O-O e5 8. a3 Be7 9. b4 cxb4 10.
axb4 Bxb4 11. Nxe5 Nxe5 12. Qa4+ Bd7 13. Qxb4 Bc6 14. Bxc6+ Nxc6 15. Qxb7 Qd7 16. Nb5 Rc8 17. Qxc8+ 1-0

[Event "*** MasterClass Titled Tuesday Blitz"]
[Site "Chess.com"]
[Date "2017.07.04"]
[Round "4"]
[White "playablecharacter"]
[Black "silverback96"]
[Result "1-0"]
[WhiteElo "2012"]
[BlackElo "2115"]
[TimeControl "180+2"]
[EndTime "13:47:29 PDT"]
[Termination "playablecharacter won by checkmate"]

1. d4 c5 2. d5 e6 3. e4 exd5 4. exd5 g6 5. Nf3 Bg7 6. Be2 d6 7. O-O Nf6 8. Nc3 O-O 9. h3 Bf5 10. Bg5 h6 11. Bf4 Re8 12. Re1 Ne4 13. Nxe4 Bxe4 14.
c3 Qf6 15. Bg3 Na6 16. Bxa6 bxa6 17. Re3 h5 18. Qd2 Bh6 19. Rae1 Bxf3 20. Rxe8+ Kh7 21. Qd3 Rxe8 22. Rxe8 h4 23. Qxf3 Qg5 24. Qxf7+ Bg7 25. Re7 Qc1+ 26. Kh2 hxg3+ 27. fxg3 Qh6 28. Rxa7 Kh8 29.
Ra8+ Kh7 30. Qg8# 1-0

[Event "*** MasterClass Titled Tuesday Blitz"]
[Site "Chess.com"]
[Date "2017.07.04"]
[Round "4"]
[White "Andrjywa"]
[Black "Witik"]
[Result "0-1"]
[WhiteElo "2290"]
[BlackElo "2528"]
[TimeControl "180+2"]
[EndTime "13:47:37 PDT"]
[Termination "Witik won by resignation"]

1. e4 c6 2. d4 d5 3. e5 Bf5 4.
Nf3 e6 5. Be2 c5 6. Be3 cxd4 7.
Nxd4 Ne7 8. O-O Nbc6 9. c4 Nxd4 10. Bxd4 dxc4 11. Bxc4 Nc6 12. Bb5 Be7 13. Bxc6+ bxc6 14. Nc3 O-O 15. Rc1 Qa5 16. Qa4 Qc7 17. Nb5 Qd7 18.
Nxa7 Be4 19. Rfd1 Bd5 20. Be3 f6 21. Qc2 Rxa7 22. Bxa7 Qxa7 23. b3 fxe5 24. Re1 e4 25. Rcd1 Rxf2 0-1

[Event "*** MasterClass Titled Tuesday Blitz"]
[Site "Chess.com"]
[Date "2017.07.04"]
[Round "4"]
[White "IamSchrodingersCat"]
[Black "AllStarShark"]
[Result "1-0"]
[WhiteElo "2431"]
[BlackElo "2288"]
[TimeControl "180+2"]
[EndTime "13:48:13 PDT"]
[Termination "IamSchrodingersCat won by resignation"]

1. e4 c5 2. Nf3 g6 3. d4 cxd4 4. Nxd4 Nc6 5. Nc3 Bg7 6. Be3 Nf6 7. Nxc6 bxc6 8. e5 Nd5 9. Nxd5 cxd5 10. Qxd5 Rb8 11.
O-O-O O-O 12. Bxa7 Rb7 13. Bd4 d6 14. exd6 Rd7 15.
Bxg7 Kxg7 16. Bb5 Rxd6 17. Qe5+ f6 18. Rxd6 exd6 19. Qd4 Qa5 20. Bc4 Bf5 21. g4 Bc8 22.
h4 Re8 23. c3 Bb7 24. g5 Re5 25. Rd1 fxg5 26. hxg5 Ba6 27. f4 1-0

[Event "*** MasterClass Titled Tuesday Blitz"]
[Site "Chess.com"]
[Date "2017.07.04"]
[Round "4"]
[White "tigra"]
[Black "IMJonathanCarlstedt"]
[Result "1-0"]
[WhiteElo "2641"]
[BlackElo "2466"]
[TimeControl "180+2"]
[EndTime "13:48:16 PDT"]
[Termination "tigra won by resignation"]

1. e4 e5 2. Nf3 Nc6 3. Bb5 a6 4. Ba4 Nf6 5. O-O Bc5 6. d3 d6 7. Re1 Bg4 8. c3 Ba7 9. Nbd2 O-O 10. Nc4 Ne7 11. Ne3 Bh5 12. Bc2 Ng4 13. d4 Nxe3 14. Bxe3 Ng6 15. h3 Nh4 16. g4 Bg6 17. dxe5 Bxe3 18.
Rxe3 Nxf3+ 19. Qxf3 dxe5 20. Bb3 Qe7 21. Kg2 Rad8 22. Kg3 Kh8 23. h4 f6 24. h5 Bf7 25.
h6 g6 26. Rd3 Kg8 27. Rad1 Bxb3 28. axb3 Rd6 29. Rxd6 cxd6 30. Qd3 Rd8 31. c4 f5 32.
exf5 Qg5 33. Qe3 Qxe3+ 34. fxe3 gxf5 35. gxf5 Kf7 36. e4 b5 37. c5 b4 38. Rxd6 Rc8 39. c6 1-0

[Event "*** MasterClass Titled Tuesday Blitz"]
[Site "Chess.com"]
[Date "2017.07.04"]
[Round "4"]
[White "GMAkobianSTL"]
[Black "grzechu96"]
[Result "1-0"]
[WhiteElo "2563"]
[BlackElo "2399"]
[TimeControl "180+2"]
[EndTime "13:48:17 PDT"]
[Termination "GMAkobianSTL won by resignation"]

1. d4 Nf6 2. c4 g6 3. Nc3 d5 4. Bf4 Bg7 5. e3 O-O 6. Rc1 Be6 7. c5 c6 8. Bd3 Bc8 9. b4 Nfd7 10. Nf3 a5 11. a3 axb4 12. axb4 Re8 13. Ra1 Rxa1 14. Qxa1 e5 15. dxe5 Nxe5 16. Nxe5 Bxe5 17. Bxe5 Rxe5 18. O-O Bf5 19. Bxf5 Rxf5 20. Ne2 Na6 21. Nd4 Rh5 22. Rb1 Qh4 23. h3 Rg5 24. Nf3 Qh5 25. Nxg5 Qxg5 26. b5 cxb5 27. c6 Qe7 28. Qa5 Qe4 29. Ra1 d4 30.
Qd8+ Kg7 31. Qxd4+ Qxd4 32. exd4 1-0

[Event "*** MasterClass Titled Tuesday Blitz"]
[Site "Chess.com"]
[Date "2017.07.04"]
[Round "4"]
[White "platy3"]
[Black "x-3738459472"]
[Result "0-1"]
[WhiteElo "2610"]
[BlackElo "2461"]
[TimeControl "180+2"]
[EndTime "13:48:30 PDT"]
[Termination "x-3738459472 won by checkmate"]

1. e4 c5 2. Nf3 Nc6 3. d4 cxd4 4. Nxd4 e5 5. Nb5 d6 6. N1c3 a6 7. Na3 b5 8. Nd5 Nge7 9. c4 Nd4 10. Be3 Nxd5 11.
cxd5 g6 12. Nc2 Bg7 13. Nxd4 exd4 14. Bxd4 Qa5+ 15. Ke2 Bxd4 16. Qxd4 O-O 17. f4 Bg4+ 18. Kf2 Rac8 19. Kg3 Bd7 20. Bd3 f5 21. e5 dxe5 22. fxe5 Qd2 23. Rad1 f4+ 24. Kf3 Bg4+ 25. Kxg4 Qxg2+ 26. Kh4 Rc4 27. Qg1 f3+ 28. Bxc4 Rf4# 0-1

[Event "*** MasterClass Titled Tuesday Blitz"]
[Site "Chess.com"]
[Date "2017.07.04"]
[Round "4"]
[White "SipkeErnst"]
[Black "Yaacovn"]
[Result "1-0"]
[WhiteElo "2481"]
[BlackElo "2659"]
[TimeControl "180+2"]
[EndTime "13:48:44 PDT"]
[Termination "SipkeErnst won by resignation"]

1. d4 Nf6 2. c4 e5 3. dxe5 Ne4 4. Nd2 Bb4 5. a3 Bxd2+ 6. Bxd2 Nc6 7. g3 Qe7 8. Bg2 Nxd2 9. Qxd2 Nxe5 10. Rc1 O-O 11. Nh3 d6 12. Nf4 c6 13. O-O Ng6 14. e3 Nxf4 15.
exf4 Rd8 16. b4 Bf5 17. Rfe1 Qf6 18. b5 d5 19. bxc6 bxc6 20. cxd5 cxd5 21. Re5 g6 22. Rxd5 Rxd5 23. Qxd5 Rd8 24. Qe5 Qa6 25. Bd5 Qxa3 26. Rc7 Rf8 27. Qf6 1-0

[Event "*** MasterClass Titled Tuesday Blitz"]
[Site "Chess.com"]
[Date "2017.07.04"]
[Round "4"]
[White "Wolverine_master"]
[Black "Grootneus"]
[Result "0-1"]
[WhiteElo "1972"]
[BlackElo "2074"]
[TimeControl "180+2"]
[EndTime "13:48:45 PDT"]
[Termination "Grootneus won by resignation"]

1. e4 c5 2. Nf3 e6 3. d4 cxd4 4. Nxd4 a6 5. Bd3 Nf6 6. O-O b5 7. Bg5 Be7 8. e5 Nd5 9. Bxe7 Qxe7 10. Nd2 Nc6 11. Nxc6 dxc6 12. Ne4 O-O 13. Qh5 h6 14. f4 c5 15. c3 c4 16. Bb1 Bb7 17. Rf3 Bc6 18.
g4 Qa7+ 19. Kh1 f5 20. gxf5 exf5 21. Nd6 Nxf4 22. Bxf5 Nxh5 0-1

[Event "*** MasterClass Titled Tuesday Blitz"]
[Site "Chess.com"]
[Date "2017.07.04"]
[Round "4"]
[White "Fy_Rakotomaharo"]
[Black "scrapnel"]
[Result "1-0"]
[WhiteElo "2368"]
[BlackElo "2539"]
[TimeControl "180+2"]
[EndTime "13:48:49 PDT"]
[Termination "Fy_Rakotomaharo won by checkmate"]

1. d4 Nf6 2. c4 e6 3. Nc3 Bb4 4.
e3 O-O 5. Ne2 c6 6. a3 Ba5 7. Qc2 d5 8. Ng3 Nbd7 9. Be2 dxc4 10. Bxc4 e5 11. Ba2 exd4 12. exd4 Re8+ 13. Be3 Nb6 14. O-O Nbd5 15. Rae1 Be6 16. b4 Nxc3 17.
Bxe6 Rxe6 18. Qxc3 Bb6 19. Nf5 Qd5 20. Qc2 Rae8 21. Bd2 Ne4 22. Ne3 Qxd4 23. Bc1 Qf6 24. Bb2 Qg6 25. Nc4 Bc7 26. g3 h5 27. Re3 h4 28. Rfe1 hxg3 29. hxg3 b5 30. Nd2 Nxd2 31. Qxg6 Nf3+ 32. Kh1 Nxe1 33. Qxg7# 1-0

[Event "*** MasterClass Titled Tuesday Blitz"]
[Site "Chess.com"]
[Date "2017.07.04"]
[Round "4"]
[White "1e41-0"]
[Black "micfel"]
[Result "1-0"]
[WhiteElo "2303"]
[BlackElo "2173"]
[TimeControl "180+2"]
[EndTime "13:48:53 PDT"]
[Termination "1e41-0 won by resignation"]

1. d4 d5 2. c4 dxc4 3. Nf3 c6 4. e4 Nf6 5. e5 Nd5 6. Bxc4 e6 7. O-O Be7 8. Nc3 O-O 9. Bb3 Nd7 10. Nxd5 cxd5 11. Bc2 Nb6 12. Qd3 g6 13. Bh6 Re8 14. h4 Bxh4 15. Nxh4 Qxh4 16. Qd2 Nc4 17. Qg5 Qxg5 18.
Bxg5 Nxb2 19. Rab1 Nc4 20. Ba4 Rf8 21. Rfc1 Nb6 22.
Bb5 a6 23. Bd3 Na4 24. Rc7 b5 25. Rbc1 Nb6 26. R1c6 Nc4 27. Re7 Kg7 28. Bf6+ Kh6 29. g4 g5 30. Rcc7 a5 31. Rxf7 Rxf7 32. Rxf7 1-0

[Event "*** MasterClass Titled Tuesday Blitz"]
[Site "Chess.com"]
[Date "2017.07.04"]
[Round "4"]
[White "Penguininja"]
[Black "Vamostodorecto"]
[Result "0-1"]
[WhiteElo "2315"]
[BlackElo "2338"]
[TimeControl "180+2"]
[EndTime "13:48:56 PDT"]
[Termination "Vamostodorecto won by resignation"]

1. d4 d5 2. c4 Nc6 3. cxd5 Qxd5 4. e3 e5 5. Nc3 Bb4 6. Bd2 Bxc3 7. bxc3 exd4 8.
cxd4 Nf6 9. Ne2 Bg4 10. f3 Bxf3 11. gxf3 Qxf3 12. Ng3 Qd5 13. Qb3 Qd6 14. Bg2 O-O 15. O-O Rad8 16. Rad1 Ng4 17. Qxb7 Nxd4 18. Qe4 Ne2+ 19. Kh1 Nxg3+ 20. hxg3 Qh6+ 0-1

[Event "*** MasterClass Titled Tuesday Blitz"]
[Site "Chess.com"]
[Date "2017.07.04"]
[Round "4"]
[White "TregubovP"]
[Black "vpantev"]
[Result "1/2-1/2"]
[WhiteElo "2419"]
[BlackElo "2445"]
[TimeControl "180+2"]
[EndTime "13:49:04 PDT"]
[Termination "Game drawn by repetition"]

1. d4 Nf6 2. c4 e6 3. Nc3 Bb4 4. e3 O-O 5. Bd3 d5 6. Ne2 Re8 7. O-O Bf8 8. e4 dxe4 9. Nxe4 Nxe4 10. Bxe4 Nd7 11. Nc3 h6 12. Bc2 Nf6 13. Bf4 b6 14. Qd3 Bb7 15. Be5 g6 16. Qg3 Nh5 17. Qg4 Bg7 18.
Rad1 Rc8 19. Rfe1 Qg5 20. Qxg5 hxg5 21. Bxg7 Kxg7 22. Be4 Bxe4 23. Nxe4 g4 24. g3 Red8 25. Rd3 Rd7 26. Red1 Rcd8 27. Kf1 f5 28. Nc3 Nf6 29.
Ke2 Kf7 30. b4 a6 31. a4 Rh8 32. Rh1 Rhd8 33. Rhd1 Rh8 34. Rh1 Rhd8 35. Rhd1 Rh8 36. Rh1 1/2-1/2

[Event "*** MasterClass Titled Tuesday Blitz"]
[Site "Chess.com"]
[Date "2017.07.04"]
[Round "4"]
[White "Indianlad"]
[Black "Malev212"]
[Result "1-0"]
[WhiteElo "2521"]
[BlackElo "2517"]
[TimeControl "180+2"]
[EndTime "13:49:06 PDT"]
[Termination "Indianlad won by resignation"]

1. d4 d6 2. e4 g6 3. Nc3 Bg7 4. h4 h6 5. Bc4 c6 6. Bb3 Nf6 7. Nge2 Nbd7 8. Ng3 h5 9. Bg5 Qc7 10.
Qe2 b5 11. f4 b4 12. Na4 e5 13. dxe5 dxe5 14. f5 Bb7 15. Qc4 Rf8 16. Qxb4 c5 17. Qc4 O-O-O 18. O-O-O Kb8 19. Rd2 Nb6 20. Rxd8+ Rxd8 21. Nxb6 axb6 22. Qxf7 Rd7 23. Qxg6 Nxe4 24. Nxe4 Bxe4 25.
Be6 Rd6 26. Qe8+ Kb7 27. f6 Rd8 28. Qxd8 Qxd8 29. fxg7 1-0

[Event "*** MasterClass Titled Tuesday Blitz"]
[Site "Chess.com"]
[Date "2017.07.04"]
[Round "4"]
[White "viggi38"]
[Black "AdrianaNikolova"]
[Result "1-0"]
[WhiteElo "2253"]
[BlackElo "2316"]
[TimeControl "180+2"]
[EndTime "13:49:18 PDT"]
[Termination "viggi38 won by resignation"]

1. d4 d5 2. c4 c6 3. Nc3 Nf6 4. Nf3 dxc4 5. a4 Bf5 6. Ne5 Nbd7 7.
Nxc4 Qc7 8. f3 e5 9. e4 Bg6 10. d5 cxd5 11. Nb5 Bb4+ 12. Bd2 Qc5 13. Ncd6+ Ke7 14.
Be2 a6 15. Nxb7 Bxd2+ 16. Qxd2 Qb6 17. Qb4+ Ke8 18. a5 Qe3 19. N5d6+ Kf8 20. Nf5+ Qc5 21.
Nxc5 Bxf5 22. Nxd7+ Ke8 23. Nxf6+ gxf6 24. exf5 Kd7 25.
Qb7+ Kd6 26. Rc1 1-0

[Event "*** MasterClass Titled Tuesday Blitz"]
[Site "Chess.com"]
[Date "2017.07.04"]
[Round "4"]
[White "charlescandycampbell"]
[Black "ChessNinja48"]
[Result "1/2-1/2"]
[WhiteElo "2126"]
[BlackElo "2296"]
[TimeControl "180+2"]
[EndTime "13:49:50 PDT"]
[Termination "Game drawn - insufficient material"]

1. d4 Nf6 2. Nf3 d5 3. c4 c6 4. cxd5 cxd5 5. Nc3 e6 6. Bf4 Bd6 7. Bxd6 Qxd6 8. e3 O-O 9. Bd3 a6 10. O-O b5 11. Rc1 Bb7 12. a4 b4 13. Nb1 Nbd7 14. Nbd2 Rfc8 15. Qe2 Nb6 16. a5 Nbd7 17. Nb3 Ne4 18.
Rfd1 h6 19. h3 Rxc1 20. Rxc1 Rc8 21. Rxc8+ Bxc8 22. Qc2 Bb7 23. Bxe4 dxe4 24. Nfd2 f5 25. Nc5 Nxc5 26. dxc5 Qd3 27. Qxd3 exd3 28. f3 Kf7 29. Kf2 Ke7 30. g3 g5 31. f4 Kd7 32.
fxg5 hxg5 33. h4 gxh4 34. gxh4 e5 35. Nc4 Ke6 36. h5 f4 37. exf4 exf4 38. h6 Be4 39. Nd6 Bg6 40. Ne8 Kd5 41. h7 Bxh7 42. Nf6+ Kxc5 43.
Nxh7 Kc4 44. Ke1 f3 45. Ng5 f2+ 46. Kxf2 Kb3 47. Ke3 Kxb2 48. Kxd3 Ka3 49. Ne4 Ka4 50.
Nc5+ Kxa5 51. Kc4 Kb6 52. Kxb4 a5+ 53. Kc4 a4 54. Nd3 a3 55. Kb3 a2 56. Kxa2 1/2-1/2

[Event "*** MasterClass Titled Tuesday Blitz"]
[Site "Chess.com"]
[Date "2017.07.04"]
[Round "4"]
[White "IljaZaragatski"]
[Black "Elshan1985"]
[Result "1-0"]
[WhiteElo "2427"]
[BlackElo "2632"]
[TimeControl "180+2"]
[EndTime "13:49:58 PDT"]
[Termination "IljaZaragatski won by resignation"]

1. Nf3 Nf6 2. g3 d5 3. Bg2 e6 4. c4 Be7 5. O-O O-O 6. b3 a5 7. Nc3 d4 8. Nb5 Nc6 9. e3 e5 10. Bb2 Bc5 11. exd4 exd4 12. d3 Bg4 13. h3 Bh5 14.
Re1 Na7 15. g4 Nxb5 16. cxb5 Bg6 17. Ne5 Rb8 18. f4 h6 19. Qf3 Bb4 20. Re2 Bc3 21. Rc1 Bxb2 22. Rxb2 Bh7 23. Rbc2 Nd7 24. Rxc7 Nxe5 25.
fxe5 Qg5 26. b6 Qxe5 27. Kh1 Qg5 28. R1c5 Qd2 29. Rd5 Rbe8 30. Rdd7 Re3 31. Rxf7 Bxd3 32. Rxg7+ 1-0

[Event "*** MasterClass Titled Tuesday Blitz"]
[Site "Chess.com"]
[Date "2017.07.04"]
[Round "4"]
[White "ruvat"]
[Black "BigMak2500"]
[Result "0-1"]
[WhiteElo "2264"]
[BlackElo "2384"]
[TimeControl "180+2"]
[EndTime "13:50:00 PDT"]
[Termination "BigMak2500 won by resignation"]

1. d4 Nf6 2. c4 e6 3. g3 d5 4.
Nf3 Be7 5. Bg2 O-O 6. O-O dxc4 7.
Ne5 Nc6 8. Nxc6 bxc6 9. Na3 Bxa3 10. bxa3 Ba6 11. Qd2 Rb8 12. Qa5 Qc8 13. a4 Rd8 14. Rd1 c3 15. e3 c2 16. Re1 Rb1 17. Bd2 Bd3 18. Qc3 Qa6 19. Bxc6 Rdb8 20. Bb5 Bxb5 21. axb5 Qxb5 22. Qxc2 Rb2 23. Qd1 Ne4 24. Re2 Qd3 25. Bc1 Qxd1+ 0-1

[Event "*** MasterClass Titled Tuesday Blitz"]
[Site "Chess.com"]
[Date "2017.07.04"]
[Round "4"]
[White "peteseeger"]
[Black "Aragon"]
[Result "1-0"]
[WhiteElo "2145"]
[BlackElo "2311"]
[TimeControl "180+2"]
[EndTime "13:50:08 PDT"]
[Termination "peteseeger won by resignation"]

1. e4 e6 2. b3 c5 3. Bb2 Nc6 4. Nf3 d6 5. d4 cxd4 6. Nxd4 Nf6 7. Bd3 Qa5+ 8. Nd2 Nb4 9. O-O Nxd3 10. cxd3 Be7 11. f4 Nd7 12. Nc4 Qc5 13. Kh1 b5 14. Ne3 O-O 15. Rc1 Qb6 16. Nc6 Bf6 17. Bxf6 Nxf6 18.
Ne7+ Kh8 19. Nxc8 Raxc8 20. Qd2 Qd4 21. h3 d5 22. Nc2 Qb6 23. e5 Nd7 24. d4 Rc7 25.
Ne3 Rfc8 26. Rxc7 Qxc7 27. f5 Qc3 28. Qxc3 Rxc3 29. fxe6 fxe6 30. Rf7 Rc7 31. Nxd5 exd5 32. e6 Rc1+ 33. Kh2 Nf6 34. e7 Re1 35. Rf8+ Ng8 36. e8=Q Rxe8 37. Rxe8 g6 38. Ra8 Kg7 39. Rxa7+ Kf6 40. Rb7 Ne7 41. Rxb5 Ke6 42. Rb6+ Kd7 43. Rb7+ Kd6 44. Rxe7 1-0

[Event "*** MasterClass Titled Tuesday Blitz"]
[Site "Chess.com"]
[Date "2017.07.04"]
[Round "4"]
[White "PlotnikovPavel"]
[Black "Fandorine"]
[Result "0-1"]
[WhiteElo "2457"]
[BlackElo "2664"]
[TimeControl "180+2"]
[EndTime "13:50:16 PDT"]
[Termination "Fandorine won by resignation"]

1. d4 Nf6 2. c4 e6 3. Nc3 c5 4. d5 d6 5. e4 g6 6. Nf3 Bg7 7. Bd3 O-O 8. O-O exd5 9. exd5 Bg4 10. Bf4 Nh5 11. Bg3 Nxg3 12. hxg3 Nd7 13. Ne4 Ne5 14. Rb1 Bxf3 15. gxf3 f5 16. Nc3 f4 17. Kg2 a6 18.
a4 fxg3 19. fxg3 Qd7 20. Be2 g5 21. f4 gxf4 22. gxf4 Ng6 23. Bg4 Qe7 24. Be6+ Kh8 25.
Qg4 Qf6 26. f5 Ne5 27. Qh5 Nxc4 28. Ne4 Qd4 29. Ng5 h6 30. Qg6 Qg4+ 31. Kf2 Bd4+ 32. Ke1 Qg3+ 33. Ke2 Qe3+ 0-1

[Event "*** MasterClass Titled Tuesday Blitz"]
[Site "Chess.com"]
[Date "2017.07.04"]
[Round "4"]
[White "stalyansky"]
[Black "djogrodek1"]
[Result "0-1"]
[WhiteElo "2244"]
[BlackElo "2335"]
[TimeControl "180+2"]
[EndTime "13:50:19 PDT"]
[Termination "djogrodek1 won by resignation"]

1. e4 c6 2. d4 d5 3. exd5 cxd5 4.
Bd3 Nc6 5. c3 Qc7 6. h3 g6 7.
Nf3 Bf5 8. O-O Bg7 9. Re1 Bxd3 10. Qxd3 e6 11. Nbd2 Nge7 12. Nb3 Nf5 13. Nc5 O-O 14. Qe2 Rfe8 15. Nd3 b5 16. Bf4 Qb6 17. a3 a5 18.
Nfe5 Nd6 19. h4 Nc4 20. h5 N6xe5 21. Nxe5 Rac8 22. Nd3 Bf8 23. Rad1 b4 24. axb4 axb4 25. Qf3 bxc3 26. bxc3 Bg7 27. h6 Bf8 28. Bg5 Qb3 29.
Nc5 Qb5 30. Qf6 Nd6 31. Rd3 Ne4 32. Rf3 Nxf6 33. Rxf6 Bxc5 34. dxc5 Qxc5 35. Re3 d4 36. Ref3 Qxg5 37. Rxf7 Qc1+ 38. Kh2 Qxh6+ 39. Kg1 Rxc3 0-1

[Event "*** MasterClass Titled Tuesday Blitz"]
[Site "Chess.com"]
[Date "2017.07.04"]
[Round "4"]
[White "AaronGrabinsky_SPICE"]
[Black "jeaston1"]
[Result "0-1"]
[WhiteElo "2057"]
[BlackElo "2045"]
[TimeControl "180+2"]
[EndTime "13:50:24 PDT"]
[Termination "jeaston1 won by resignation"]

1. d4 d5 2. c4 dxc4 3. Nf3 Nf6 4.
e3 e6 5. Bxc4 a6 6. O-O b5 7. Bb3 Bb7 8. Qe2 Nbd7 9. Rd1 c5 10.
dxc5 Bxc5 11. Nc3 O-O 12. e4 Qc7 13. Bg5 Ng4 14. Bh4 Nde5 15. Bg3 Bd6 16. Rac1 Qb8 17. Kh1 Rd8 18. h3 Nxf3 19. Rxd6 Rxd6 20. Qxf3 Nf6 21. Bxd6 Qxd6 22. Rd1 Qb4 23. Re1 Rd8 24. Rd1 Rxd1+ 25. Qxd1 Nxe4 26. Nxe4 Bxe4 27. Qd8+ Qf8 28. Qb6 Qa8 29.
f3 Bd5 30. Bxd5 exd5 31. Kg1 h6 32. Kf2 Kh7 33. Ke3 Qe8+ 34. Kd2 Qe6 35. Qd4 Qg6 36. Qc3 Qxg2+ 0-1

[Event "*** MasterClass Titled Tuesday Blitz"]
[Site "Chess.com"]
[Date "2017.07.04"]
[Round "4"]
[White "Aguiar94"]
[Black "wonderfultime"]
[Result "0-1"]
[WhiteElo "2415"]
[BlackElo "2660"]
[TimeControl "180+2"]
[EndTime "13:50:28 PDT"]
[Termination "wonderfultime won by resignation"]

1. e4 c5 2. Nf3 d6 3. d4 cxd4 4.
Nxd4 Nf6 5. Nc3 g6 6. Be3 Bg7 7.
f3 O-O 8. Qd2 Nc6 9. O-O-O d5 10. exd5 Nxd5 11. Nxc6 bxc6 12. Nxd5 cxd5 13. Qxd5 Qc7 14.
Qc5 Qb7 15. b3 Bf5 16. Bd3 Rac8 17. Qa5 Rc3 18. Bxf5 Rxe3 19. Be4 Qb8 20. g3 Qc8 21. g4 Qe6 22. g5 h5 23. Rd8 Rxd8 24. Qxd8+ Kh7 25.
Qa5 Re2 26. Qb5 Rg2 27. Qf1 Rxg5 28. f4 Ra5 29. Qf3 Rxa2 30. f5 Qe5 31. Qxh5+ 0-1